 Dungeon Crawl Stone Soup version 0.29.1-1-gd02db6906a (webtiles) character file.

Game seed: 2151372042158220563

28 Icepheonix32 the Insei (level 3, -2/26 HPs)
             Began as a Merfolk Transmuter on Sept 16, 2022.
             Slain by a quokka (3 damage)
             ... on level 1 of the Dungeon.
             The game lasted 00:01:08 (1090 turns).

Icepheonix32 the Insei (Merfolk Transmuter)         Turns: 1090, Time: 00:01:09

Health: -2/26      AC:  2    Str:  7 (10) XL:     3   Next: 12%
Magic:  5/6        EV: 12    Int: 13 (14) God:
Gold:   35         SH:  0    Dex: 12 (14) Spells: 5/6 levels left

rFire   . . .      SeeInvis .     - Unarmed
rCold   . . .      Faith    .   (no shield)
rNeg    . . .      Spirit   .   a - +0 robe
rPois   .          Reflect  .   (helmet currently unavailable)
rElec   .          Harm     .   (no cloak)
rCorr   .          Rampage  .   (no gloves)
Will    .....                   (boots currently unavailable)
Stlth   +.........              (no amulet)
HPRegen 0.08/turn               (no ring)
MPRegen 0.10/turn               (no ring)

@: appendages
A: horns 2, (nimble swimmer 2), mertail
a: End Transformation


You were on level 1 of the Dungeon.
You had temporarily grown beastly horns.
You visited 1 branch of the dungeon, and saw 1 of its levels.

You collected 35 gold pieces.

Inventory:

Hand Weapons
 d - a +0 spear of venom
Armour
 a - a +0 robe (worn)
Scrolls
 b - a scroll of teleportation {unknown}
 c - a scroll of identify {unknown}
 e - 3 scrolls of poison {unknown}
 f - a scroll of fog {unknown}
 h - a scroll of vulnerability {unknown}


   Skills:
 + Level 1.4 Fighting
 * Level 2.9 Dodging
 + Level 4.0 Unarmed Combat
 + Level 2.3 Spellcasting
 * Level 2.8 Transmutations


You had 5 spell levels left.
You knew the following spells:

 Your Spells              Type           Power      Damage    Failure   Level
a - Beastly Appendage     Tmut           16%        N/A       8%          1

Your spell library contained the following spells:

 Spells                   Type           Power      Damage    Failure   Level
 Wereblood                Tmut           8%         N/A       12%         2
 Spider Form              Tmut/Pois      5%         N/A       38%         3
 Ice Form                 Ice/Tmut       5%         N/A       80%         4


Dungeon Overview and Level Annotations

Branches:
Dungeon (1/15)

Altars:


Innate Abilities, Weirdness & Mutations

You have temporarily grown beastly horns.
((You are very nimble when in or above water. (Stealth+, EV+, Speed+++)))
Your lower body shifts to a powerful aquatic tail in water.


Message History

You miss the quokka. Your headbutt misses the quokka. The quokka misses you.
You closely miss the quokka. The quokka bites you. x2
* * * LOW HITPOINT WARNING * * *
You are too injured to fight recklessly!
You are too injured to fight recklessly!
You are too injured to fight recklessly!
You are too injured to fight recklessly!
You are too injured to fight recklessly!
You are too injured to fight recklessly!
You are too injured to fight recklessly!
You are too injured to fight recklessly!
You are too injured to fight recklessly!
You are too injured to fight recklessly!
You are too injured to fight recklessly!
You are too injured to fight recklessly!
You are too injured to fight recklessly!
You are too injured to fight recklessly!
You are too injured to fight recklessly!
You are too injured to fight recklessly!
You are too injured to fight recklessly!
You are too injured to fight recklessly!
You are too injured to fight recklessly!
Unknown command.
Your horns disappear.
Casting: Beastly Appendage (safe; 8% risk of failure)
Confirm with . or Enter, or press ? or * to list all spells.
You grow a pair of large bovine horns.
The quokka bites you.
* * * LOW HITPOINT WARNING * * *
You hit the quokka. You headbutt the quokka.
The quokka is severely wounded.
The quokka bites you but does no damage.
You barely miss the quokka.
The quokka is heavily wounded.
The quokka closely misses you.
You closely miss the quokka.
The quokka is heavily wounded.
The quokka bites you.
* * * LOW HITPOINT WARNING * * *
The quokka bites you.
You die...

#### ### ... ..# #.)
#.# ##..# ..# #....
### #....
##########....
.........#...>#######
.#...# #..r@...#
.....# ########.#
†....# #........#
.....# #####.########
†....# #.....# .....#
#.###.### .....#
#.......# .....#
###..##.#
.....#####.....#


You could see a quokka.

Vanquished Creatures
  A dart slug (D:1)
  3 ball pythons (D:1)
  3 giant cockroaches (D:1)
  2 hobgoblins (D:1)
  3 jackals (D:1)
  3 kobolds (D:1)
  3 bats (D:1)
  2 goblins (D:1)
  2 rats (D:1)
22 creatures vanquished.

Notes
Turn   | Place    | Note
-------+----------+-------------------------------------------
     0 | D:1      | Icepheonix32 the Merfolk Transmuter began the quest for the
                  | Orb.
     0 | D:1      | Reached XP level 1. HP: 15/15 MP: 3/3
   104 | D:1      | Found a faded altar of an unknown god.
   342 | D:1      | Reached XP level 2. HP: 21/21 MP: 3/5
   364 | D:1      | HP: 1/21 [goblin/+0 dagger (3)]
   865 | D:1      | Reached skill level 4 in Unarmed Combat
   999 | D:1      | Reached XP level 3. HP: 23/26 MP: 4/6
  1090 | D:1      | HP: 1/26 [quokka (2)]
  1090 | D:1      | Slain by a quokka

Illustrated notes

Levels and vault maps discovered:
D:1:      dpeg_arrival_erosion, layout_basic, hellmonk_ecumenical_altar_run_dry,
          dk_noncrumbling_4

Skill      XL: |  1  2 |
---------------+-------+-----
Unarmed Combat | 4 |  4.0
Fighting       | |  1.4
Dodging        | |  2.9
Spellcasting   | |  2.3
Transmutations | |  2.8

Action                   || total
-------------------------++-------
Melee: Unarmed           ||    96
       Headbutt          ||     5
       Punch             ||     1
 Cast: Beastly Appendage ||     8
  Use: Potion            ||     3
Armor: Robe              ||    30
       Skin              ||     3
Dodge: Dodged            ||    76
